 Dungeon Crawl Stone Soup version 0.30-a0-297-g0ec75d9ef4 (webtiles) character file.

Game seed: 3579660794822524031

3259 scionoferis the Fighter (level 10, 0/73 HPs)
             Began as a Human Hexslinger on Oct 18, 2022.
             Was an Initiate of Hepliaklqana.
             Succumbed to a water moccasin's poison
             ... on level 8 of the Dungeon.
             The game lasted 00:26:26 (9058 turns).

scionoferis the Fighter (Human Hexslinger)          Turns: 9058, Time: 00:26:27

Health: 0/73       AC:  6    Str: 11    XL:     10   Next: 19%
Magic:  11/11      EV: 15    Int: 17    God:    Hepliaklqana [......]
Gold:   383        SH:  0    Dex: 18    Spells: 10/11 levels left

rFire   + . .      SeeInvis .    a - +4 glaive "Joyqesmi" {vorpal, rF+ rC+ Dex+4}
rCold   + . .      Faith    .    (shield currently unavailable)
rNeg    . . .      Spirit   .    G - +0 leather armour {Will+}
rPois   .          Reflect  .    (no helmet)
rElec   .          Harm     .    (no cloak)
rCorr   .          Rampage  .    y - +0 pair of gloves
Will    +....                    m - +0 pair of boots
Stlth   +.........               t - amulet of the acrobat
HPRegen 0.32/turn                u - ring of flight
MPRegen 0.12/turn                F - ring of wizardry

@: lethally poisoned (0 -> -19), flying
A: frail 1
a: Renounce Religion


You were on level 8 of the Dungeon.
You worshipped Hepliaklqana.
Hepliaklqana was noncommittal.
You visited 2 branches of the dungeon, and saw 9 of its levels.

You collected 414 gold pieces.
You spent 31 gold pieces at shops.

Inventory:

Hand Weapons
 a - the +4 glaive "Joyqesmi" (weapon) {vorpal, rF+ rC+ Dex+4}
   (You found it on level 6 of the Dungeon)

   It inflicts extra damage upon your enemies.
   Dex:       It affects your dexterity (+4).
   rF:        It protects you from fire.
   rC:        It protects you from cold.
 b - a +2 shortbow of flaming
 f - a +4 falchion of flaming
 w - a +1 sling
 J - a +2 whip of freezing
 M - a +1 vorpal flail
 P - a +1 flail of holy wrath
 Q - a +4 trident of freezing
Missiles
 d - 5 boomerangs (quivered)
 A - 11 poisoned darts
 D - a throwing net
 O - 6 javelins
Armour
 j - the +3 warlock's mirror {reflect}
   (You acquired it on level 5 of the Dungeon)

   It can block and reflect piercing ranged attacks and magical attacks against
   the wielder's willpower.
 k - an orb of guile
 m - a +0 pair of boots (worn)
 s - an orb of mayhem
 y - a +0 pair of gloves (worn)
 G - a +0 leather armour of willpower (worn)
Jewellery
 l - an amulet of guardian spirit
 t - an amulet of the acrobat (around neck)
 u - a ring of flight (left hand)
 F - a ring of wizardry (right hand)
Wands
 B - a wand of polymorph (3)
 H - a wand of quicksilver (10)
 I - a wand of mindburst (7)
 N - a wand of paralysis (13)
Scrolls
 c - a scroll of summoning
 e - 3 scrolls of amnesia {unknown}
 g - a scroll of blinking
 h - 5 scrolls of teleportation {unknown}
 i - a scroll of enchant weapon
 n - 2 scrolls of enchant armour
 x - a scroll of magic mapping
 z - a scroll of poison
 C - 2 scrolls of fog
 K - 2 scrolls of vulnerability
 R - a scroll of identify
Potions
 o - a potion of might {unknown}
 p - a potion of lignification
 q - a potion of mutation
 r - 2 potions of haste {unknown}
 v - 2 potions of degeneration {unknown}
 E - 2 potions of attraction {unknown}
 L - a potion of cancellation {unknown}


   Skills:
 * Level 8.9 Fighting
 - Level 2.0 Ranged Weapons
 + Level 6.1 Armour
 + Level 6.5 Dodging
 + Level 3.8 Shields
 - Level 1.0 Spellcasting
 - Level 3.0 Hexes
 + Level 3.6 Evocations


You had 10 spell levels left.
You knew the following spells:

 Your Spells              Type           Power      Damage    Failure   Level
a - Slow                  Hex            44%        N/A       3%          1

Your spell library contained the following spells:

 Spells                   Type           Power      Damage    Failure   Level
 Shock                    Conj/Air       0%         1d3       11%         1
 Dazzling Flash           Conj/Hex       10%        N/A       17%         3
 Inner Flame              Hex/Fire       5%         N/A       17%         3
 Portal Projectile        Hex/Tloc       10%        N/A       17%         3
 Cause Fear               Hex            5%         N/A       30%         4
 Swiftness                Air            0%         N/A       32%         3
 Anguish                  Hex/Necr       2%         N/A       47%         4
 Airstrike                Air            0%         2d(0-16)  69%         4
 Silence                  Hex/Air        2%         N/A       82%         5
 Summon Mana Viper        Hex/Summ       5%         N/A       82%         5
 Agony                    Necr           0%         N/A       95%         5
 Enfeeble                 Hex            5%         N/A       100%        7


Dungeon Overview and Level Annotations

Branches:
Dungeon (8/15)             Temple (1/1) D:7
   Lair: D:8-11

Altars:
Ashenzari
Cheibriados
Dithmenos
Elyvilon
Fedhas
Gozag
Hepliaklqana
Kikubaaqudgha
Okawaru
Qazlal
Ru
Sif Muna
Trog
Vehumet
Wu Jian
Xom
Yredelemnul
Zin
The Shining One

Shops:
D:3 (   D:7 ***


Innate Abilities, Weirdness & Mutations

You are frail. (-10% HP)


Message History

You barely miss the water moccasin.
The water moccasin is severely wounded.
You feel extremely sick. The water moccasin barely misses you.
The water moccasin bites you.
You are more poisoned.
The water moccasin poisons you! The water moccasin bites you.
You are more poisoned.
The water moccasin poisons you!
You closely miss the water moccasin.
The water moccasin is severely wounded.
You feel extremely sick. The water moccasin barely misses you.
The water moccasin bites you but does no damage.
You closely miss the water moccasin.
The water moccasin is severely wounded.
* * * LOW HITPOINT WARNING * * *
You feel extremely sick.
The water moccasin bites you but does no damage.
The water moccasin misses you. The water moccasin closely misses you.
Unknown command.
You barely miss the water moccasin.
The water moccasin is severely wounded.
* * * LOW HITPOINT WARNING * * *
You feel extremely sick. The water moccasin bites you.
* * * LOW HITPOINT WARNING * * *
You are lethally poisoned!
The water moccasin poisons you! The water moccasin barely misses you.
You slash the water moccasin!
You kill the water moccasin!
* * * LOW HITPOINT WARNING * * *
You feel extremely sick.
Your life force feels restored.
Unknown command.
Really quaff the potion of lignification?
Okay, then.
Unknown command.
It was a potion of mutation.
You feel extremely strange.
You feel frail.
You die...

...####....######
#..# #.#.## ..#
#.#.# ..# ##.#.#
#.###....#
#........#
#.###...##
#......##
#@######
..?.....#
#########


There were no monsters in sight!

Vanquished Creatures
  Pikel (D:4)
  2 water moccasins
  An ice beast (D:7)
  3 black bears
  4 ogres
  2 centaurs
  2 phantoms
  Blork the orc (D:6)
  3 bullfrogs
  2 gnoll sergeants (D:7)
  2 necrophages
  2 scorpions (D:4)
  5 wights (D:8)
  A hound (D:7)
  2 jellies
  3 orc priests
  4 iguanas
  2 orc wizards
  16 gnolls
  9 adders
  A shadow imp (D:7)
  A white imp (D:6)
  2 ufetubi
  3 worms
  21 orcs
  8 endoplasms
  4 giant cockroaches
  7 goblins
  8 hobgoblins
  4 jackals (D:1)
  9 quokkas
  6 ball pythons
  8 bats
  2 frilled lizards
  7 kobolds
  9 rats
167 creatures vanquished.

Notes
Turn   | Place    | Note
-------+----------+-------------------------------------------
     0 | D:1      | scionoferis the Human Hexslinger began the quest for the
                  | Orb.
     0 | D:1      | Reached XP level 1. HP: 15/15 MP: 2/2
    22 | D:1      | Found a faded altar of an unknown god.
    33 | D:1      | Reached XP level 2. HP: 14/21 MP: 3/3
   317 | D:1      | Reached skill level 2 in Fighting
   420 | D:1      | Reached XP level 3. HP: 26/27 MP: 4/4
   425 | D:1      | Reached skill level 1 in Armour
  1119 | D:2      | Reached XP level 4. HP: 34/34 MP: 5/5
  1400 | D:2      | Noticed a black bear
  1565 | D:2      | Reached skill level 3 in Fighting
  2166 | D:3      | Reached XP level 5. HP: 38/41 MP: 4/6
  2309 | D:3      | Found Geiq's Weapon Shop.
  2839 | D:3      | Reached XP level 6. HP: 38/48 MP: 7/7
  3500 | D:3      | Reached skill level 4 in Fighting
  3776 | D:4      | Noticed a black bear
  3808 | D:4      | Killed a black bear
  4133 | D:4      | Reached XP level 7. HP: 42/55 MP: 8/8
  4397 | D:4      | Noticed Pikel
  4411 | D:4      | Reached skill level 5 in Fighting
  4422 | D:4      | Killed Pikel
  4423 | D:4      | Reached skill level 6 in Fighting
  4423 | D:4      | Reached XP level 8. HP: 58/64 MP: 9/9
  4695 | D:5      | Entered Level 5 of the Dungeon
  4713 | D:5      | Identified a scroll of acquirement
  4715 | D:5      | Acquired the +3 warlock's mirror {reflect}
  4715 | D:5      | Found the +3 warlock's mirror {reflect}
  4839 | D:5      | Got the Codex of Alluring Necromancy
  5270 | D:5      | Reached skill level 5 in Dodging
  5270 | D:5      | Reached skill level 1 in Shields
  5875 | D:6      | Reached skill level 7 in Fighting
  6039 | D:6      | Reached skill level 1 in Evocations
  6249 | D:6      | Identified the +4 glaive "Joyqesmi" {vorpal, rF+ rC+ Dex+4}
  6267 | D:6      | Reached XP level 9. HP: 53/72 MP: 10/10
  6291 | D:6      | Reached skill level 5 in Armour
  6803 | D:6      | Noticed Blork the orc
  6815 | D:6      | Killed Blork the orc
  7166 | D:7      | Found Sisyome's Assorted Antiques.
  7171 | D:7      | Found Sujoosk's Assorted Antiques.
  7307 | D:7      | Reached skill level 8 in Fighting
  7495 | D:7      | Found a staircase to the Ecumenical Temple.
  7500 | Temple   | Entered the Ecumenical Temple
  7565 | Temple   | Became a worshipper of Hepliaklqana the Forgotten
  7728 | D:7      | Found Xyiwayll's Assorted Antiques.
  7734 | D:7      | Found Reothryx's Assorted Antiques.
  7740 | D:7      | Bought a scroll labelled BAEZU MUVAZOM for 31 gold pieces
  7974 | D:7      | HP: 3/75 [gnoll/+0 halberd[a gnoll sergeant] (12)]
  8314 | D:7      | Reached XP level 10. HP: 79/82 MP: 11/11
  8451 | D:8      | Noticed a five-headed hydra
  8451 | D:8      | Noticed a black mamba
  8452 | D:8      | Noticed a gargoyle
  8452 | D:8      | Noticed an efreet
  8456 | D:8      | Noticed a cyclops
  8536 | D:8      | Noticed an entropy weaver
  8585 | D:8      | a raiju changed into a komodo dragon
  8585 | D:8      | Noticed a komodo dragon (shapeshifter)
  8606 | D:8      | a floating eye changed into a salamander
  8606 | D:8      | Noticed a salamander (shapeshifter)
  8609 | D:8      | a salamander changed into something unseen
  8612 | D:8      | Noticed a guardian serpent
  8624 | D:8      | a komodo dragon changed into a lindwurm
  8624 | D:8      | Noticed a lindwurm (shapeshifter)
  9058 | D:8      | Gained mutation: You are frail. (-10% HP) [potion of
                  | mutation]
  9058 | D:8      | Succumbed to a water moccasin's poison

Illustrated notes

Levels and vault maps discovered:
D:1:      roderic_chinese_lattice_arrival, layout_loops_ring,
          basic_ecumenical_altar, minmay_misc_feat_ornament
D:2:      layout_basic
D:3:      minmay_inner_zag, layout_loops_cross, serial_shops,
          nicolae_shop_hallway_plus
D:4:      layout_rooms, uniq_pikel
D:5:      layout_loops_ring, grunt_ministairs_14
D:6:      layout_loops_cross, minmay_crystal_water, uniq_blork_the_orc
D:7:      layout_basic, minmay_temple_entry_arrows, serial_shops,
          nicolae_take_the_stairs, nicolae_shop_crystal, nicolae_diamond_shop,
          nicolae_stop_n_shop_1, minmay_misc_feat_tiny
D:8:      layout_loops_ring, chequers_temple_overflow_statue_of_worship,
          st_stairs_2, minivault_12
Temple:   hellmonk_temple_of_storms

Skill      XL: |  1  2  3  4  5  6  7  8  9 10 |
---------------+-------------------------------+-----
Fighting       | 2 3 4 6 7 8 |  8.9
Armour         | 1 2 3 4 5 6 |  6.1
Dodging        | 3 4 5 6 |  6.5
Shields        | 1 3 |  3.8
Evocations     | 1 3 |  3.6
Ranged Weapons | |  2.0
Spellcasting   | |  1.0
Hexes          | |  3.0

Action                   |  1- 3 |  4- 6 |  7- 9 | 10-12 || total
-------------------------+-------+-------+-------+-------++-------
Melee: Sling             |       |     1 |       |       ||     1
       Whip              |       |       |   191 |       ||   191
       Glaive            |       |       |    89 |    39 ||   128
 Fire: Sling             |   114 |   291 |   116 |       ||   521
       Shortbow          |       |       |       |     4 ||     4
Throw: Throwing net      |       |       |     1 |       ||     1
 Cast: Slow              |       |    22 |     9 |       ||    31
  Use: Potion            |     2 |     2 |     2 |     2 ||     8
       Scroll            |       |     1 |    10 |     2 ||    13
 Stab: Distracted        |       |       |     1 |       ||     1
Armor: Robe              |    15 |     4 |       |       ||    19
       Leather armour    |       |    40 |    67 |    11 ||   118
       Skin              |       |       |    19 |       ||    19
Dodge: Dodged            |    46 |   159 |   225 |    26 ||   456
Block: Buckler           |       |       |    61 |       ||    61
       Reflection        |       |       |     2 |       ||     2

Table legend: (Time is in decaauts)
 A = Elapsed time spent in this place.
 B = Non-inter-level travel time spent in this place.
 C = Inter-level travel time spent in this place.
 D = Time resting spent in this place.
 E = Time spent auto-exploring this place.
 F = Levels seen in this place.
 G = Mean time per level.
                   A        B        C        D        E       F      G
               +--------+--------+--------+--------+--------+-----+--------+
         Total |   9332 |   8379 |    953 |   2028 |   4198 |   9 | 1036.9 |
       Dungeon |   9261 |   8321 |    940 |   2028 |   4157 |   8 | 1157.6 |
        Temple |     70 |     57 |     13 |      0 |     41 |   1 |   70.0 |
               +--------+--------+--------+--------+--------+-----+--------+

Top non-repeatable levels by time:
     D:3: 1614 daAuts
     D:6: 1536 daAuts
     D:4: 1201 daAuts
     D:2: 1144 daAuts
     D:5: 1094 daAuts
     D:1: 1051 daAuts
     D:7: 982 daAuts
     D:8: 637 daAuts
  Temple: 70 daAuts
